 Dungeon Crawl Stone Soup version 0.23.2-30-g0e89c35 (webtiles) character file.

Game seed: 2664134566808043257

6803 robbits the Martial Artist (level 10, -14/73 HPs)
             Began as a Demonspawn Monk on June 13, 2019.
             Was a Follower of Uskayaw.
             Killed by refrigeration
             ... invoked by Fannar
              (21 damage)
             ... on level 10 of the Dungeon on June 14, 2019.
             The game lasted 00:32:07 (11574 turns).

robbits the Martial Artist (Demonspawn Monk)       Turns: 11574, Time: 00:32:07

Health: -14/73     AC: 12    Str: 16    XL:     10   Next: 76%
Magic:  0/13       EV: 16    Int: 14    God:    Uskayaw [*.....]
Gold:   269        SH:  0    Dex: 16    Spells: 4/9 levels left

rFire    . . .     SeeInvis .     - Unarmed
rCold    . . .     Gourm    .   (no shield)
rNeg     . . .     Faith    .   a - +1 robe
rPois    +         Spirit   +   j - +0 helmet
rElec    .         Reflect  .   k - +2 cloak
rCorr    .         Harm     .   (no gloves)
MR       .....                  (boots unavailable)
Stlth    +++.......             (no amulet)
HPRegen  0.22/turn              z - +3 ring of protection
MPRegen  0.13/turn              u - ring of poison resistance

@: berserk cooldown, slowed, very slow
A: talons 3, icy blue scales 1, clever 1, demonic guardian 1, strong 1, magic
shield
a: Stomp, Renounce Religion


You were on level 10 of the Dungeon.
You worshipped Uskayaw.
Uskayaw was noncommittal.
You were not hungry.

You visited 2 branches of the dungeon, and saw 11 of its levels.
You also visited: Sewer.

You collected 667 gold pieces.
You spent 398 gold pieces at shops.

Inventory:

Armour
 a - a +1 robe (worn)
 j - a +0 helmet (worn)
 k - a +2 cloak (worn)
 p - a +0 shield
Jewellery
 f - an uncursed ring of stealth
 r - an uncursed ring of protection from fire
 u - a ring of poison resistance (right hand)
 z - a +3 ring of protection (left hand)
Wands
 x - a wand of enslavement (4)
 B - a wand of digging (6)
 E - a wand of disintegration (13)
Scrolls
 c - a scroll of magic mapping
 d - a scroll of enchant weapon
 e - 4 scrolls of enchant armour
 q - 11 scrolls of teleportation
 s - 5 scrolls of remove curse
 y - a scroll of blinking
 C - a scroll of amnesia
 F - a scroll of noise {unknown}
Potions
 g - 3 potions of curing
 h - 4 potions of flight
 i - 2 potions of cancellation
 l - a potion of invisibility
 m - 3 potions of brilliance
 n - a potion of magic
 o - a potion of haste
Comestibles
 b - 21 rations


   Skills:
 + Level 4.8 Fighting
 + Level 5.9 Dodging
 - Level 5.8 Stealth
 + Level 12.2 Unarmed Combat
 * Level 5.2 Invocations


You had 4 spell levels left.
You knew the following spells:

 Your Spells              Type           Power        Failure   Level  Hunger
a - Blink                 Tloc           N/A          41%         2    ###....
b - Mephitic Cloud        Conj/Pois/Air  #.......     65%         3    ####...

Your spell library contained the following spells:

 Spells                   Type           Power        Failure   Level  Hunger
 Freeze                   Ice            #...         28%         1    ##.....
 Magic Dart               Conj           #...         28%         1    ##.....
 Call Imp                 Summ           #.......     41%         2    ###....
 Slow                     Hex            #.......     41%         2    ###....
 Throw Frost              Conj/Ice       #.....       41%         2    ###....
 Conjure Flame            Conj/Fire      #.......     65%         3    ####...
 Ozocubu's Armour         Chrm/Ice       #.......     65%         3    ####...
 Summon Ice Beast         Ice/Summ       #.......     96%         4    #####..
 Throw Icicle             Conj/Ice       #.......     96%         4    #####..


Dungeon Overview and Level Annotations

Branches:
Dungeon (10/15)            Temple (1/1) D:6
   Lair: D:8-11         Orc: D:9-12

Altars:
Ashenzari
Cheibriados
Dithmenos
Elyvilon
Gozag
Hepliaklqana
Kikubaaqudgha
Nemelex Xobeh
Okawaru
Qazlal
Ru
Sif Muna
Trog
Uskayaw
Vehumet
Xom
Yredelemnul
Zin
The Shining One

Shops:
D:5 :   D:6 ?   D:10 (

Annotations:
D:8 exclusion: 3 doors
D:10 Fannar, Urug


Innate Abilities, Weirdness & Mutations

You have claws for feet.
You are partially covered in icy blue scales. (AC +2)
A weak demonic guardian rushes to your aid.
When hurt, damage is shared between your health and your magic reserves.
Your mind is acute. (Int +2)
Your muscles are strong. (Str +2)


Message History

Your white imp hits the ice beast.
Your white imp freezes the ice beast.
The ice beast completely resists.
The ice beast barely misses something.
You swap places.
The ice beast hits your iron imp. The ice beast freezes your iron imp.
Your iron imp resists.
Your white imp hits the ice beast but does no damage.
The ice beast barely misses your white imp.
Your iron imp hits the ice beast but does no damage.
Your white imp disappears in a puff of smoke!
The ice beast hits your iron imp but does no damage.
Your iron imp misses the ice beast.
The ice beast hits your iron imp. The ice beast freezes your iron imp.
Your iron imp resists.
Your iron imp dies!
You feel a little less mighty now.
Fannar mumbles some strange words.
Fannar drains the heat from the surrounding environment!
You feel very cold.
You die...

#)# .# #[####.# #.# #.#
.# #.# #.# #.# #.# .#
###.# #.# #.# #.##.#
#...# #.# #†# #....#
#...# #.# #.# ####..#
#...# #.# #.# ......#
##.## #.# #.#
####.######.#####.####.##
#........Y...@.......#
#.#..###........#.#.##
#.....eY§#####.#.##.#
#.#..###.#####.#.##.#
#.#.5..5.........##.# #
#.#...(..........().# #
#5##.###>...>.......#
####Y##.# #######.######
YY..5##.. .


You could see Fannar and 2 ice beasts.

Vanquished Creatures
  Erolcha (D:9)
  A hydra (D:8)
  Pikel (D:5)
  The ghost of mortress the Grave Robber, a novice OpNe (D:5)
  Psyche (D:9)
  2 dream sheep (D:8)
  Sigmund (D:5)
  A yak (D:8)
  4 ice beasts
  A water moccasin (D:8)
  An orc warrior (D:7)
  2 sky beasts
  3 ogres
  A necrophage (D:7)
  3 centaurs
  A crocodile (D:7)
  2 big kobolds
  4 bullfrogs
  A scorpion (D:5)
  2 killer bees (D:7)
  4 howler monkeys
  An electric eel (D:7)
  4 crimson imps
  A bullfrog zombie (D:5)
  2 hounds
  8 orc priests
  A bullfrog skeleton (D:6)
  7 orc wizards
  6 iguanas
  4 worker ants
  A hound zombie (D:5)
  3 hound skeletons
  3 howler monkey skeletons
  7 gnolls
  7 adders
  4 shadow imps
  5 oozes (Sewer)
  2 adder zombies
  2 adder skeletons
  4 worms (Sewer)
  5 dart slugs
  7 leopard geckos
  32 orcs
  5 ball pythons
  7 bats
  4 giant cockroaches
  6 goblins
  7 hobgoblins
  9 jackals
  4 quokkas
  8 frilled lizards
  A jackal zombie (D:7)
  13 kobolds
  A leopard gecko skeleton (D:5)
  A quokka skeleton (D:7)
  A quokka zombie (D:8)
  5 rats
226 creatures vanquished.

Vanquished Creatures (collateral kills)
  A troll (D:9)
  A yak (D:8)
  2 big kobolds (D:8)
  2 bullfrogs (D:7)
  2 killer bees (D:7)
  2 howler monkeys (D:7)
  A centaur skeleton (D:5)
  3 orcs
14 creatures vanquished.

Vanquished Creatures (others)
  An orc (D:7)
1 creature vanquished.

Grand Total: 241 creatures vanquished

Notes
Turn   | Place    | Note
-------+----------+-------------------------------------------
     0 | D:1      | robbits the Demonspawn Monk began the quest for the Orb.
     0 | D:1      | Reached XP level 1. HP: 18/18 MP: 1/1
   351 | D:1      | Reached skill level 3 in Unarmed Combat
   395 | D:1      | Gained mutation: When hurt, damage is shared between your
                  | health and your magic reserves. [demonic ancestry]
   395 | D:1      | Reached XP level 2. HP: 24/24 MP: 2/2
   925 | D:2      | Reached XP level 3. HP: 29/29 MP: 3/3
  1724 | D:2      | Found a hazy altar of Hepliaklqana.
  1866 | D:2      | Reached skill level 4 in Unarmed Combat
  1866 | D:2      | Gained mutation: You have sharp toenails. [demonic
                  | ancestry]
  1866 | D:2      | Reached XP level 4. HP: 10/35 MP: 1/4
  2566 | D:3      | Reached XP level 5. HP: 15/41 MP: 1/5
  2815 | D:3      | You fall through a shaft!
  3234 | D:4      | Found a snail-covered altar of Cheibriados.
  3304 | D:4      | Reached skill level 5 in Unarmed Combat
  3341 | D:5      | Entered Level 5 of the Dungeon
  3587 | D:5      | Found a transporter.
  3587 | D:5      | Noticed mortress's ghost (novice OpNe)
  3632 | D:5      | Found a glowing drain.
  3636 | Sewer    | Entered a sewer
  4092 | Sewer    | Gained mutation: You have razor-sharp toenails. [demonic
                  | ancestry]
  4092 | Sewer    | Reached XP level 6. HP: 40/47 MP: 4/6
  4464 | D:5      | Found Beusaga's Book Shoppe.
  4478 | D:5      | Bought a book of Minor Magic for 260 gold pieces
  4522 | D:5      | Noticed a slave
  4797 | D:5      | Found a radiant altar of Vehumet.
  4827 | D:5      | Found an iron altar of Okawaru.
  5022 | D:5      | Reached skill level 6 in Unarmed Combat
  5035 | D:5      | Gained mutation: You have claws for feet. [demonic
                  | ancestry]
  5035 | D:5      | Reached XP level 7. HP: 22/52 MP: 4/7
  5339 | D:5      | Found a shadowy altar of Dithmenos.
  5470 | D:5      | Found a transporter.
  5518 | D:5      | Noticed Pikel
  5525 | D:5      | Gained mutation: Your muscles are strong. (Str +2) [potion
                  | of mutation]
  5525 | D:5      | Gained mutation: Your mind is acute. (Int +2) [potion of
                  | mutation]
  5530 | D:5      | Killed Pikel
  5530 | D:5      | Reached skill level 7 in Unarmed Combat
  5644 | D:5      | Found a basalt altar of Yredelemnul.
  5657 | D:5      | Noticed Sigmund
  5668 | D:5      | Killed Sigmund
  5668 | D:5      | Reached skill level 8 in Unarmed Combat
  5668 | D:5      | Gained mutation: A weak demonic guardian rushes to your
                  | aid. [demonic ancestry]
  5668 | D:5      | Reached XP level 8. HP: 47/60 MP: 6/8
  5791 | D:5      | Killed mortress's ghost
  5796 | D:5      | Reached skill level 9 in Unarmed Combat
  6259 | D:6      | Found a staircase to the Ecumenical Temple.
  6282 | Temple   | Entered the Ecumenical Temple
  6375 | Temple   | Became a worshipper of Uskayaw the Reveler
  6375 | Temple   | Reached * piety under Uskayaw
  6425 | D:6      | Reached ** piety under Uskayaw
  6429 | D:6      | Reached *** piety under Uskayaw
  6483 | D:6      | Reached **** piety under Uskayaw
  6553 | D:6      | Reached XP level 9. HP: 64/65 MP: 9/9
  6592 | D:6      | Found Luteg's Magic Scroll Emporium.
  6595 | D:6      | Bought a scroll of blinking for 90 gold pieces
  6597 | D:6      | Bought a scroll of identify for 24 gold pieces
  6598 | D:6      | Bought a scroll of identify for 24 gold pieces
  6809 | D:6      | Reached skill level 10 in Unarmed Combat
  7560 | D:7      | HP: 2/64 [electric eel/bolt of electricity (7)]
  7826 | D:7      | Reached skill level 11 in Unarmed Combat
  8523 | D:8      | Reached skill level 5 in Dodging
  8582 | D:8      | Learned a level 2 spell: Blink
  8586 | D:8      | Learned a level 3 spell: Mephitic Cloud
  8924 | D:8      | Reached skill level 1 in Invocations
  9333 | D:8      | Gained mutation: You are partially covered in icy blue
                  | scales. (AC +2) [demonic ancestry]
  9333 | D:8      | Reached XP level 10. HP: 59/73 MP: 8/11
  9342 | D:8      | Reached ***** piety under Uskayaw
  9402 | D:8      | Noticed a three-headed hydra
  9714 | D:8      | Killed a three-headed hydra
  9714 | D:8      | Reached skill level 5 in Stealth
 10127 | D:10     | Entered Level 10 of the Dungeon
 10127 | D:10     | Noticed Fannar
 10446 | D:9      | Noticed Erolcha
 10539 | D:9      | Killed Erolcha
 10539 | D:9      | Reached skill level 12 in Unarmed Combat
 10851 | D:9      | Found a white marble altar of Elyvilon.
 10867 | D:9      | Noticed Psyche
 10878 | D:9      | Killed Psyche
 10954 | D:10     | Noticed Urug
 11274 | D:10     | Found Qugep's Weapon Shop.
 11440 | D:10     | Reached skill level 5 in Invocations
 11556 | D:10     | HP: 2/73 [Fannar/refrigeration (12)]
 11574 | D:10     | Killed from afar by Fannar

Skill      XL: |  1  2  3  4  5  6  7  8  9 10 |
---------------+-------------------------------+-----
Unarmed Combat | 3 4 5 6 8 9 11 12 | 12.2
Stealth        | 2 3 4 5 |  5.8
Dodging        | 3 4 5 |  5.9
Fighting       | 4 |  4.8
Invocations    | 1 5 |  5.2

Action                   |  1- 3 |  4- 6 |  7- 9 | 10-12 || total
-------------------------+-------+-------+-------+-------++-------
Melee: Unarmed           |   141 |   269 |   315 |   141 ||   866
       Punch             |     2 |    10 |     8 |     9 ||    29
       Kick              |       |    80 |   101 |    51 ||   232
Invok: Stomp             |       |       |     1 |       ||     1
Evoke: Wand              |       |       |     1 |       ||     1
  Use: Scroll            |     5 |    11 |     6 |     3 ||    25
       Potion            |       |     3 |     9 |     4 ||    16
 Stab: Sleeping          |    11 |     8 |     9 |     7 ||    35
       Paralysed         |       |       |     6 |     2 ||     8
       Distracted        |       |       |     2 |       ||     2
  Eat: Chunk             |     1 |     6 |    11 |     6 ||    24
       Ration            |       |     2 |     1 |       ||     3
Armor: Robe              |    29 |    72 |    50 |    32 ||   183
Dodge: Dodged            |    91 |   164 |   213 |    93 ||   561
